 Dungeon Crawl Stone Soup version 0.31-a0-1098-g6898e6545c (webtiles) character file.

Game seed: 8810572154821272053

32 Malachi the Changeling (level 3, -2/26 HPs)
             Began as a Merfolk Shapeshifter on Nov 30, 2023.
             Slain by an orc
             ... wielding a +0 whip
              (5 damage)
             ... on level 2 of the Dungeon.
             The game lasted 00:00:43 (648 turns).

Malachi the Changeling (Merfolk Shapeshifter)        Turns: 648, Time: 00:00:44

Health: -2/26      AC:  2    Str: 16    XL:     3   Next: 27%
Magic:  3/3        EV: 12    Int:  9    God:
Gold:   42         SH:  0    Dex: 13    Spells: 2/2 levels left

rFire   . .          .
                       - Unarmed
rCold   . . .        (no shield)
rNeg    . . .        a - +0 animal skin
rPois   .            (helmet currently unavailable)
rElec   .            (cloak currently unavailable)
rCorr   .            (gloves currently unavailable)
SInv    .            (boots currently unavailable)
Will    .....        (no amulet)
Stlth   +            (no ring)
HPRegen 0.24/turn    (no ring)
MPRegen 0.08/turn

%: no passive effects
@: beast-form
A: beast (slay +2), (nimble swimmer 2), mertail
a: Begin Untransformation


You were on level 2 of the Dungeon.
You were a hulking beast.
You visited 1 branch of the dungeon, and saw 2 of its levels.

You collected 42 gold pieces.

Inventory:

Armour
 a - a +0 animal skin (worn)
Jewellery
 g - a ring of magical power
Talismans
 c - a beast talisman
 d - a flux talisman
Scrolls
 f - a scroll of enchant weapon {unknown}
Potions
 b - a potion of lignification
 e - a potion of curing {unknown}
 h - a potion of berserk rage {unknown}
 i - a potion of cancellation {unknown}
 j - a potion of might {unknown}


   Skills:
 - Level 1.3 Fighting
 - Level 2.9 Dodging
 + Level 4.0 Unarmed Combat
 + Level 4.6 Shapeshifting


You had 2 spell levels left.
You didn't know any spells.
Your spell library was empty.

Dungeon Overview and Level Annotations

Branches:
Dungeon (2/15)

Altars:


Innate Abilities, Weirdness & Mutations

You are a hulking beast.
Your limbs bulge with bestial killing power. (Slay +2)
((You are very nimble when in or above water. (Stealth+, EV+, Speed+++)))
Your lower body shifts to a powerful aquatic tail in water.


Message History

You hit the orc but do no damage.
The orc is severely wounded.
The bat hits you.
The goblin hits you with a +4 dagger of holy wrath.
The orc hits you but does no damage. The orc closely misses you.
The bat barely misses you.
You are too injured to fight recklessly!
You are too injured to fight recklessly!
You are too injured to fight recklessly!
You are too injured to fight recklessly!
You are too injured to fight recklessly!
You are too injured to fight recklessly!
You are too injured to fight recklessly!
You are too injured to fight recklessly!
You are too injured to fight recklessly!
You are too injured to fight recklessly!
You are too injured to fight recklessly!
You are too injured to fight recklessly!
You are too injured to fight recklessly!
You are too injured to fight recklessly!
You are too injured to fight recklessly!
You are too injured to fight recklessly!
You are too injured to fight recklessly!
Unknown command.
The bat hits you. The orc attacks as it pursues you!
The orc hits you with a +0 whip.
* * * LOW HITPOINT WARNING * * *
The bat hits you but does no damage.
You hit the bat but do no damage. The bat hits you but does no damage.
You hit the orc.
The orc is heavily wounded.
The orc misses you.
You barely miss the orc.
The orc is heavily wounded.
The orc hits you with a +0 whip.
* * * LOW HITPOINT WARNING * * *
You hit the orc.
The orc is almost dead.
The orc hits you with a +0 whip.
You die...

.$# # #.# .### #.#
#(.. #.# #.8##.
#.##..8$.# #.#......#
#bo.$.(... #o#..###..
.#######h#.###
.........###.####
#######..##)...|###.#.
##.........^.....
##.#.....######.
#.).##### #...# #...#
#...#


You could see 2 orcs and a bat.

Vanquished Creatures
  2 dart slugs (D:1)
  An orc (D:2)
  4 endoplasms (D:1)
  A giant cockroach (D:1)
  2 goblins
  4 hobgoblins
  A kobold (D:1)
  3 quokkas (D:1)
  3 ball pythons (D:1)
  2 bats (D:1)
  A frilled lizard (D:1)
  A rat (D:1)
25 creatures vanquished.

Notes
Turn   | Place    | Note
-------+----------+-------------------------------------------
     0 | D:1      | Malachi the Merfolk Shapeshifter began the quest for the
                  | Orb.
     0 | D:1      | Reached XP level 1. HP: 15/15 MP: 1/1
    76 | D:1      | Reached XP level 2. HP: 20/21 MP: 2/2
   312 | D:1      | Reached XP level 3. HP: 23/26 MP: 3/3
   648 | D:2      | Slain by an orc

Illustrated notes

Levels and vault maps discovered:
D:1:      giann_bridges, layout_rooms, minmay_misc_feat_chi,
          minmay_indecisive_spiral
D:2:      layout_loops_ring, guppyfry_early_orc_mine

Skill      XL: |  1  2  3 |
---------------+----------+-----
Unarmed Combat | 4 |  4.0
Fighting       | |  1.3
Dodging        | |  2.9
Shapeshifting  | |  4.6

Action                     || total
---------------------------++-------
  Melee: Unarmed           ||    61
         Punch             ||     2
   Stab: Sleeping          ||     2
 Armour: Animal skin       ||    36
  Dodge: Dodged            ||    32

Table legend: (Time is in decaauts)
 A = Elapsed time spent in this place.
 B = Non-inter-level travel time spent in this place.
 C = Inter-level travel time spent in this place.
 D = Time resting spent in this place.
 E = Time spent auto-exploring this place.
 F = Levels seen in this place.
 G = Mean time per level.
                   A        B        C        D        E       F      G
               +--------+--------+--------+--------+--------+-----+--------+
         Total |    638 |    613 |     25 |      0 |    477 |   2 |  319.0 |
       Dungeon |    638 |    613 |     25 |      0 |    477 |   2 |  319.0 |
               +--------+--------+--------+--------+--------+-----+--------+

Top non-repeatable levels by time:
     D:1: 558 daAuts
     D:2: 79 daAuts
